Map: Apotheosis LE

Players

Gracz - Winner!

  • Race: Terran Terran
  • League: Silver

AWE

  • Race: Protoss Protoss
  • League: Bronze

VOD

Have the link to the VOD?

Description

Time

  • Played on: Sept. 24, 2016, 2:28 p.m.
  • Length: 12:31
Show
View Real Time Build Order
Export as new Build Order

Gracz Terran - Winner!

Build Orders: MMM Bio 

Get SALT Encoding   

  12  0:01  SCV  
  13  0:14  Supply Depot  
  13  0:23  SCV  
  14  0:36  SCV  
  14  0:39  Barracks  
  15  0:51  SCV  
  15  0:54  Refinery  
  16  1:08  SCV  
  17  1:20  SCV  
  18  1:25  Marine  
  18  1:32  SCV  
  20  1:33  Barracks  
  20  1:40  Barracks  
  20  1:48  Orbital Command  
  20  1:50  Refinery  
  20  2:14  SCV  
  21  2:21  Barracks Tech Lab  
  21  2:22  Barracks Reactor  
  21  2:26  SCV  
  22  2:30  Engineering Bay  
  22  2:33  Supply Depot  
  22  2:36  Barracks Reactor  
  22  2:55  Marauder  
  24  3:02  SCV  
  25  3:06  Marine x2  
  27  3:15  Terran Infantry Weapons Level 1  
  27  3:16  Command Center  
  27  3:17  Stimpack  
  27  3:22  Marine x2  
  27  3:26  Marine  
  30  3:38  Marine  
  31  3:44  Marine x2  
  31  3:46  Supply Depot  
  33  3:59  Marine x2  
  36  4:05  Marauder  
  37  4:10  Marine  
  38  4:24  Marine  
  38  4:26  SCV, Marauder  
  42  4:33  Orbital Command  
  42  4:38  SCV  
  43  4:51  SCV  
  44  5:01  Factory  
  44  5:03  Marine x2  
  44  5:04  Marine x2  
  48  5:08  Marauder  
  50  5:17  Combat Shields  
  47  5:49  Marine, Marauder  
  49  5:50  Marine  
  49  5:51  Marine x2  
  49  5:56  Factory Tech Lab  
  53  6:01  Starport  
  53  6:05  SCV  
  53  6:07  Marine x2  
  53  6:09  Marine x2  
  53  6:10  Marauder  
  60  6:29  Marine x2  
  62  6:36  Marine x2, Supply Depot, Marauder  
  66  6:41  SCV x2  
  68  6:50  Medivac  
  70  6:58  SCV x2, Marauder  
  74  7:10  SCV  
  75  7:18  Marine x2  
  77  7:34  Medivac  
  77  7:35  Marine x2, Marauder  
  83  7:39  Supply Depot  
  83  7:48  Marine x2  
  77  7:56  Marauder  
  74  8:41  Starport Reactor  
  74  8:56  SCV  
  74  8:57  SCV  
  76  9:08  SCV  
  76  9:09  SCV  
  78  9:20  SCV  
  78  9:21  SCV  
  80  9:25  Medivac x2  
  84  9:32  SCV  
  84  9:33  SCV  
  86  9:44  SCV  
  86  9:45  SCV  
  88  9:55  Medivac x2  
Show
View Real Time Build Order
Export as new Build Order

AWE Protoss 

Build Orders:  

Get SALT Encoding   

  12  0:05  Probe (Chrono Boost)  
  13  0:16  Probe (Chrono Boost)  
  14  0:22  Assimilator  
  14  0:26  Probe (Chrono Boost)  
  15  0:29  Assimilator  
  15  0:38  Pylon  
  15  0:56  Probe (Chrono Boost)  
  16  1:07  Probe (Chrono Boost)  
  17  1:12  Gateway  
  17  1:18  Pylon  
  17  1:22  Pylon  
  17  1:56  Probe (Chrono Boost)  
  18  2:06  Probe (Chrono Boost), Cybernetics Core  
  19  2:15  Forge  
  19  2:17  Probe (Chrono Boost)  
  20  2:27  Probe (Chrono Boost)  
  20  2:28  Pylon  
  21  2:38  Probe (Chrono Boost)  
  22  3:00  Stalker  
  22  3:01  Photon Cannon  
  24  3:07  Photon Cannon  
  24  3:30  Stalker  
  24  3:33  Stargate  
  26  3:44  Photon Cannon  
  26  3:56  Photon Cannon  
  26  4:00  Photon Cannon  
  26  4:05  Photon Cannon  
  26  4:08  Photon Cannon  
  26  4:25  Void Ray  
  30  4:37  Stalker  
  32  4:41  Protoss Ground Weapons Level 1  
  32  5:05  Robotics Facility  
  32  5:14  Stalker  
  34  5:26  Void Ray  
  38  5:45  Stalker  
  40  6:09  Oracle  
  43  6:14  Robotics Bay  
  43  6:15  Stalker  
  45  6:25  Pylon  
  45  6:29  Pylon  
  45  6:33  Pylon  
  45  6:36  Protoss Ground Armor Level 1  
  45  6:47  Photon Cannon  
  45  6:56  Zealot  
  47  7:23  Zealot  
  49  7:50  Stalker  
  51  8:20  Stalker  
  50  8:34  Void Ray  
  54  8:50  Stalker  
  54  8:52  Photon Cannon  
  56  9:08  Colossus  
  62  9:16  Void Ray  
  66  9:20  Stalker  
  68  9:50  Stalker  
  70  10:23  Photon Cannon  
  70  10:29  Pylon  
  70  10:47  Void Ray  
  74  10:50  Photon Cannon  
  74  11:05  Photon Cannon  
  74  11:09  Photon Cannon  
  70  11:30  Phoenix  
Tags
 
Add a new tag
Caveats
  • Supply blocks, unpowered buildings, or Contaminate may cause inaccurate times.
  • Supply counts are checked every 10 seconds.